 Dungeon Crawl Stone Soup version 0.18-a0-1626-g65af6d3 (webtiles) character file.

760 M4edhros the Covert (level 7, 0/49 HPs)
             Began as an Octopode Wanderer on Mar 24, 2016.
             Slain by a hound (6 damage)
             ... on level 6 of the Dungeon.
             The game lasted 00:05:16 (2799 turns).

M4edhros the Covert (Octopode Wanderer)             Turns: 2799, Time: 00:05:17

Health: 0/49       AC:  6    Str: 11    XL:     7   Next: 80%
Magic:  10/10      EV: 13    Int: 14    God:
Gold:   160        SH:  0    Dex: 14    Spells: 0 memorised, 10 levels left

rFire  . . .     SeeInvis .     r - +3 scythe (protect)
rCold  . . .     Gourm    .     (shield currently unavailable)
rNeg   . . .     Faith    .     (helmet restricted)
rPois  .         Spirit   .     (no amulet)
rElec  .         Dismiss  .     s - ring of flight
rCorr  .         Reflect  .     (no ring)
SustAt .         Harm     .     (no ring)
MR     +....                    (no ring)
Stlth  ++++++....               (no ring)
                                (no ring)
                                (no ring)
                                (no ring)

@: lethally poisoned (0 -> -2), about to teleport, somewhat resistant to hostile
enchantments, very stealthy
A: almost no armour, amphibious, 8 rings, constrict 8, camouflage 1, magic
resistance 1, robust 1, gelatinous body 1
a: Evoke Flight


You were on level 6 of the Dungeon.
You were very hungry.

You visited 1 branch of the dungeon, and saw 4 of its levels.

You collected 160 gold pieces.

Inventory:

Hand Weapons
 a - a +2 spear
 o - a +0 hunting sling
 r - a +3 scythe of protection (weapon)
 w - a +0 short sword of freezing
Missiles
 g - 65 stones (quivered)
 h - 7 tomahawks of dispersal
 p - 61 sling bullets
Armour
 x - a +0 shield
Jewellery
 s - a ring of flight (left tentacle)
Scrolls
 c - a scroll of teleportation
 e - 4 scrolls of remove curse {unknown}
 j - 3 scrolls of identify {unknown}
 k - a scroll of enchant armour {unknown}
 m - a scroll of fog {unknown}
 n - 2 scrolls of amnesia {unknown}
 q - 3 scrolls of recharging {unknown}
 u - a scroll of noise {unknown}
Books
 b - the Papyrus of Combat Magic

   Spells                             Type                      Level
   a - Shock                          Conjuration/Air              1
   b - Searing Ray                    Conjuration                  2
Comestibles
 d - a slice of pizza
 f - 5 bread rations
 i - 2 meat rations
 t - a beef jerky


   Skills:
 - Level 2.0 Fighting
 + Level 2.3 Polearms
 * Level 4.5 Slings
 + Level 3.6 Dodging
 * Level 9.1 Stealth
 - Level 2.0 Spellcasting
   Level 1.0 Ice Magic


You had 10 spell levels left.
You didn't know any spells.

Dungeon Overview and Level Annotations

Branches:
Dungeon (3/15)

Altars:
Nemelex Xobeh
Yredelemnul


Innate Abilities, Weirdness & Mutations

You cannot wear most types of armour.
You are amphibious.
You can wear up to eight rings at the same time.
You can use your tentacles to constrict eight enemies at once.
Your skin changes colour to match your surroundings (Stealth).
Your rubbery body absorbs attacks (AC +1).
You are resistant to hostile enchantments.
You are robust (+10% HP).


Message History

The hound bites you.
* * * LOW HITPOINT WARNING * * *
The quokka barely misses you.
You aren't carrying any potions.
Read which item? (? for menu, Esc to quit)
Okay, then.
Evoke which item? (* to show all) (? for menu, Esc to quit)
Okay, then.
Okay, then.
Read which item? (? for menu, Esc to quit)
As you read the scroll of teleportation, it crumbles to dust.
You feel strangely unstable.
You feel sick. The hound misses you. The quokka misses you.
The hound bites you but does no damage.
You barely miss the hound. Your grab misses the hound. You squeeze the hound!
The hound is heavily wounded.
The hound closely misses you.
The quokka bites you but does no damage.
The hound closely misses you. The quokka closely misses you.
The hound bites you.
You die...

###... ..... ..
....#######..
............
...........
..........
..######h......#
#.....r@.......#
#########'######
#.........#
#.######### #.#
#.####
#######....###
#..............
####.##..####.####


You could see a hound and a quokka.

Vanquished Creatures
  Sigmund (D:2)
  An ice beast (D:6)
  A phantom (D:6)
  A scorpion (D:6)
  2 centaur zombies (D:3)
  A giant frog zombie (D:6)
  A hound (D:6)
  Jessica (D:2)
  An orc wizard (D:6)
  A worker ant (D:6)
  A hound skeleton (D:3)
  7 gnolls
  5 adders
  2 oozes
  3 adder zombies (D:3)
  A worm (D:2)
  A dart slug (D:2)
  2 giant geckos (D:2)
  2 orcs (D:6)
  3 bats
  3 giant cockroaches
  6 goblins
  3 hobgoblins
  7 kobolds
  4 giant newts
  3 rats
64 creatures vanquished.

Notes
Turn   | Place    | Note
--------------------------------------------------------------
     0 | D:1      | M4edhros the Octopode Wanderer began the quest for the Orb.
     0 | D:1      | M4edhros set off with: a +2 spear, the Papyrus of Combat Magic, a scroll of teleportation, a +0 dagger, a bread ration
     0 | D:1      | Reached XP level 1. HP: 14/14 MP: 3/3
     0 | D:1      | Identified the Papyrus of Combat Magic
    80 | D:1      | Reached XP level 2. HP: 6/19 MP: 5/5
   415 | D:1      | Reached skill level 6 in Stealth
   888 | D:2      | Found a basalt altar of Yredelemnul.
   918 | D:2      | Reached XP level 3. HP: 16/24 MP: 6/6
  1006 | D:2      | Noticed Jessica
  1015 | D:2      | Killed Jessica
  1015 | D:2      | Reached skill level 1 in Slings
  1015 | D:2      | Reached XP level 4. HP: 18/29 MP: 7/7
  1054 | D:2      | Gained mutation: You are clumsy. (Dex -2) [potion of mutation]
  1054 | D:2      | Gained mutation: Your natural rate of healing is unusually fast. [potion of mutation]
  1054 | D:2      | Gained mutation: Your system is resistant to poisons. [potion of mutation]
  1055 | D:2      | Lost mutation: You are clumsy. (Dex -2) [potion of cure mutation]
  1055 | D:2      | Lost mutation: Your system is resistant to poisons. [potion of cure mutation]
  1055 | D:2      | Lost mutation: Your natural rate of healing is unusually fast. [potion of cure mutation]
  1203 | D:2      | Noticed Sigmund
  1219 | D:2      | Killed Sigmund
  1219 | D:2      | Reached skill level 7 in Stealth
  1219 | D:2      | Reached XP level 5. HP: 15/34 MP: 8/8
  1219 | D:2      | Reached XP level 6. HP: 17/39 MP: 9/9
  1524 | D:2      | Found a sparkling altar of Nemelex Xobeh.
  2101 | D:3      | Gained mutation: You are resistant to hostile enchantments. [potion of beneficial mutation]
  2102 | D:3      | Gained mutation: You are robust (+10% HP). [potion of beneficial mutation]
  2104 | D:3      | Reached skill level 1 in Polearms
  2104 | D:3      | Reached skill level 8 in Stealth
  2183 | D:3      | You fall through a shaft for 3 floors!
  2194 | D:6      | Noticed a phantom
  2195 | D:6      | Noticed an orc warrior
  2351 | D:6      | Noticed an ice beast
  2365 | D:6      | Killed an ice beast
  2365 | D:6      | Reached XP level 7. HP: 42/49 MP: 10/10
  2792 | D:6      | Reached skill level 9 in Stealth
  2799 | D:6      | Slain by a hound

Vault maps used:
D:1:      dpeg_arrival_stone_temple_mockup
D:2:      lemuel_crystal_altar, nicolae_overflow_hidden_temple,
          nemelex_diamond_rough_becter, uniq_sigmund, uniq_jessica
D:3:      serial_undead, serial_undead_d, serial_undead_b, serial_undead_b,
          serial_undead_f
D:6:      lemuel_crystal_altar, old_standard_altar,
          minmay_temple_entry_glassed_door, uniq_blork_the_orc

Skill      XL: |  1  2  3  4  5  6  7 |
---------------+----------------------+-----
Stealth        | 6 7 8 9 |  9.1
Slings         | 1 3 4 |  4.5
Dodging        | 2 3 |  3.6
Polearms       | 1 2 |  2.3
Fighting       | |  2.0
Spellcasting   | |  2.0
Ice Magic      | |  1.0

Action                   |  1- 3 |  4- 6 |  7- 9 || total
-------------------------+-------+-------+-------++-------
Melee: Spear             |    51 |    22 |       ||    73
       Scythe            |       |    58 |    36 ||    94
 Fire: Hunting sling     |       |       |     3 ||     3
  Use: Potion            |       |    12 |       ||    12
       Scroll            |       |       |     2 ||     2
 Stab: Sleeping          |     8 |    10 |       ||    18
       Distracted        |       |     1 |       ||     1
  Eat: Chunk             |       |     4 |     1 ||     5
